 Dungeon Crawl Stone Soup version 0.20-a0-494-gf50ee04 (webtiles) character file.

129 Jmtri7 the Slasher (level 5, -1/41 HPs)
             Began as a Merfolk Monk on Jan 17, 2017.
             Was a Believer of Dithmenos.
             Slain by Sigmund
             ... wielding a +0 scythe
              (10 damage)
             ... on level 4 of the Dungeon.
             The game lasted 00:06:15 (2557 turns).

Jmtri7 the Slasher (Merfolk Monk)                   Turns: 2557, Time: 00:06:16

Health: -1/41      AC:  4    Str: 12    XL:     5   Next: 12%
Magic:  5/5        EV: 16    Int:  9    God:    Dithmenos [**....]
Gold:   150        SH:  0    Dex: 17    Spells: 4/4 levels left

rFire    + . .     SeeInvis .   m - +0 long sword
rCold    + + .     Gourm    .   b - +0 robe
rNeg     . . .     Faith    .   (no shield)
rPois    +         Spirit   .   (no helmet)
rElec    +         Reflect  .   (no cloak)
rCorr    +         Harm     .   g - +0 pair of gloves
MR       .....                  d - +0 pair of boots
Stlth    +++.......             (no amulet)
Regen    0.2/turn               q - +2 ring of evasion
                                f - ring of protection from cold

@: resistant, wreathed by umbra
A: change form in water, swift swim, stealthy swim
a: Shadow Step, Renounce Religion


You were on level 4 of the Dungeon.
You worshipped Dithmenos.
Dithmenos was pleased with you.
You were hungry.

You visited 1 branch of the dungeon, and saw 4 of its levels.

You collected 150 gold pieces.

Inventory:

Hand Weapons
 m - a +0 long sword (weapon)
Armour
 b - a +0 robe (worn)
 d - a +0 pair of boots (worn)
 g - a +0 pair of gloves (worn)
Jewellery
 f - a ring of protection from cold (left hand)
 q - a +2 ring of evasion (right hand)
Wands
 n - a wand of paralysis (7/24)
 p - a wand of acid (7/15)
Scrolls
 a - a scroll of magic mapping {unknown}
 e - 4 scrolls of enchant armour {unknown}
 h - 2 scrolls of identify {unknown}
 j - a scroll of enchant weapon {unknown}
 o - a scroll of blinking {unknown}
 r - 2 scrolls of remove curse {unknown}
 s - a scroll of fog {unknown}
Potions
 i - a potion of resistance
 k - 2 potions of curing {unknown}
 l - a potion of flight {unknown}
Comestibles
 c - 3 bread rations


   Skills:
 - Level 3.2 Fighting
 + Level 6.2 Long Blades
 - Level 4.0 Dodging
 - Level 2.1 Stealth


You had 4 spell levels left.
You didn't know any spells.

Dungeon Overview and Level Annotations

Branches:
Dungeon (4/15)
 Temple: D:4-7

Altars:
Dithmenos
Hepliaklqana
Ru
The Shining One

Annotations:
D:4 Sigmund


Message History

You completely miss something. Something barely misses you.
You barely miss something. You hit something but do no damage.
Something barely misses you.
You closely miss something.
You hear some strange, mumbled words.
A magic dart appears from out of thin air!
The magic dart hits you!
You closely miss something. Something closely misses you.
You completely miss something. You barely miss something. Something hits you!
You closely miss something. Something hits you!
* * * LOW HITPOINT WARNING * * *
You hit something. Something hits you.
* * * LOW HITPOINT WARNING * * *
There is an open door here.
You are feeling hungry.
It was a potion of resistance.
You feel protected. Something hits you!
You die...

. #....#
#....##
#....#
#.....#
#....#
###...#
#....#
##..##
##+###
#...# ##..#
#..# ##..##
##.@..#
#####8...##
#...#.....#
#._.......#
#...#.....#
#####8....#
##....#
#...##
#...#


There were no monsters in sight!

Vanquished Creatures
  5 adders
  2 oozes
  2 worms
  2 dart slugs (D:1)
  A leopard gecko (D:2)
  5 orcs (D:3)
  A giant cockroach (D:3)
  8 goblins
  A hobgoblin (D:1)
  3 jackals
  9 kobolds
  A quokka (D:3)
  2 ball pythons
  7 bats
  5 frilled lizards
  7 rats
61 creatures vanquished.

Notes
Turn   | Place    | Note
-------+----------+-------------------------------------------
     0 | D:1      | Jmtri7 the Merfolk Monk began the quest for the Orb.
     0 | D:1      | Reached XP level 1. HP: 18/18 MP: 1/1
   134 | D:1      | Reached skill level 4 in Long Blades
   134 | D:1      | Reached XP level 2. HP: 24/24 MP: 2/2
   313 | D:1      | Reached XP level 3. HP: 17/29 MP: 3/3
   870 | D:2      | Found a hazy altar of Hepliaklqana.
  1051 | D:2      | Reached skill level 5 in Long Blades
  1176 | D:2      | Reached XP level 4. HP: 35/35 MP: 4/4
  1537 | D:2      | Found a shadowy altar of Dithmenos.
  1569 | D:2      | Became a worshipper of Dithmenos the Shadowed
  1569 | D:2      | Reached * piety under Dithmenos
  1569 | D:2      | Reached ** piety under Dithmenos
  2063 | D:3      | Found a sacrificial altar of Ru.
  2066 | D:3      | Reached skill level 6 in Long Blades
  2106 | D:3      | Reached XP level 5. HP: 38/41 MP: 5/5
  2450 | D:4      | Found a glowing golden altar of the Shining One.
  2473 | D:4      | Noticed Sigmund
  2557 | D:4      | Slain by Sigmund

Vault maps used:
D:1:      lightli_arrival_quake
D:2:      grunt_dithmenos_smoke_and_mirrors, lemuel_round_altar, first_bread,
          minmay_randomly_rotated_circles
D:3:      lemuel_upstairs_altar, nicolae_ru_awakened_eye, serial_curves,
          eino_curves_01, eino_curves_02
D:4:      nicolae_tso_carved_into_rock, serial_shops, shop, uniq_grinder,
          uniq_sigmund

Skill      XL: |  1  2  3  4 |
---------------+-------------+-----
Long Blades    | 4 5 6 |  6.2
Fighting       | |  3.2
Dodging        | |  4.0
Stealth        | |  2.1

Action                   |  1- 3 |  4- 6 || total
-------------------------+-------+-------++-------
Melee: Falchion          |    92 |    39 ||   131
       Long sword        |       |    61 ||    61
  Use: Potion            |       |     1 ||     1
 Stab: Sleeping          |     8 |     5 ||    13
  Eat: Chunk             |     1 |     4 ||     5
Armor: Robe              |    18 |    14 ||    32
Dodge: Dodged            |    61 |    67 ||   128
       Rpst.: Falchion   |    21 |    11 ||    32
       Long sword        |       |    18 ||    18
